 Dungeon Crawl Stone Soup version 0.19.0-2-gae57169 (webtiles) character file.

10 SaltIsReal the Cutter (level 2, -1/19 HPs)
             Began as a Halfling Skald on Nov 5, 2016.
             Slain by a hobgoblin
             ... wielding a +0 club
              (7 damage)
             ... on level 1 of the Dungeon.
             The game lasted 00:02:38 (646 turns).

SaltIsReal the Cutter (Halfling Skald)               Turns: 646, Time: 00:02:38

Health: -1/19      AC:  3    Str: 13    XL:     2   Next: 30%
Magic:  2/4        EV: 13    Int: 10    God:
Gold:   17         SH:  0    Dex: 13    Spells: 2 memorised, 1 level left

rFire  . . .     SeeInvis .     a - +0 short sword
rCold  . . .     Gourm    .     b - +0 leather armour
rNeg   . . .     Faith    .     (shield restricted)
rPois  .         Spirit   .     (no helmet)
rElec  .         Reflect  .     (no cloak)
rCorr  .         Harm     .     (no gloves)
MR     .....                    (no boots)
Stlth  +.........               (no amulet)
                                (no ring)
                                (no ring)

@: infused
A: mutation resistance 1
a: no special abilities


You were on level 1 of the Dungeon.
You were not hungry.

You visited 1 branch of the dungeon, and saw 1 of its levels.

You collected 17 gold pieces.

Inventory:

Hand Weapons
 a - a +0 short sword (weapon)
Missiles
 e - 20 stones (quivered)
Armour
 b - a +0 leather armour (worn)
Books
 c - a book of Battle

   Spells                             Type                      Level
   a - Infusion                       Charms                       1
   b - Shroud of Golubria             Charms/Translocation         2
   c - Song of Slaying                Charms                       2
   d - Spectral Weapon                Hexes/Charms                 3
   e - Regeneration                   Charms/Necromancy            3
Comestibles
 d - a bread ration
 f - a chunk of flesh


   Skills:
 - Level 1.7 Fighting
 + Level 3.4 Short Blades
 - Level 1.1 Armour
 - Level 1.1 Dodging
 - Level 1.5 Spellcasting
 - Level 3.2 Charms


You had one spell level left.
You knew the following spells:

 Your Spells              Type           Power        Failure   Level  Hunger
a - Infusion              Chrm           #...         12%         1    ##.....
b - Shroud of Golubria    Chrm/Tloc      #.........   34%         2    ###....


Dungeon Overview and Level Annotations

Branches:
Dungeon (1/15)

Altars:


Innate Abilities, Weirdness & Mutations

You are small and have problems with some larger weapons.
You are somewhat resistant to further mutation.


Message History

You start resting.
Magic restored.
Things that are here:
a dagger; a kobold corpse A hobgoblin comes into view.
It is wielding a club.
The hobgoblin shouts!
Casting: Shroud of Golubria
Confirm with . or Enter, or press ? or * to list all spells.
You begin infusing your attacks with magical energy.
The hobgoblin hits you with a club.
You hit the hobgoblin.
The hobgoblin is moderately wounded.
The hobgoblin hits you with a club.
You barely miss the hobgoblin.
The hobgoblin is moderately wounded.
The hobgoblin hits you with a club.
You closely miss the hobgoblin.
The hobgoblin is lightly wounded.
The hobgoblin hits you with a club!
You die...

##....# ##.#.#
...##.###....#
##..#........#
##..#####...##
# ..#.# ##.##
.# .##.# #.#
###.# ###.#
#)### #...#
#.# #...# #g#
#.# ###.# #@#
###.# #.# #.#
[...# #.#
#.#####.#
.####
#.###........
.#
#.....#####.#
.# #..##.# .#
#..##.# .#
#.#.##.# .#
#.###...#


You could see a hobgoblin.

Vanquished Creatures
  2 dart slugs (D:1)
  A bat (D:1)
  A hobgoblin (D:1)
  A kobold (D:1)
  A frilled lizard (D:1)
6 creatures vanquished.

Notes
Turn   | Place    | Note
-------+----------+-------------------------------------------
     0 | D:1      | SaltIsReal the Halfling Skald began the quest for the Orb.
     0 | D:1      | Reached XP level 1. HP: 14/14 MP: 3/3
     3 | D:1      | Noticed a demigod
     3 | D:1      | Noticed a gargoyle
     7 | D:1      | Noticed a vampire
     7 | D:1      | Noticed a formicid
     9 | D:1      | Noticed a vine stalker
     9 | D:1      | Noticed a centaur
    11 | D:1      | Noticed a human
    11 | D:1      | Noticed a spriggan
    13 | D:1      | Noticed a ghoul
    13 | D:1      | Noticed a demonspawn
    15 | D:1      | Noticed a draconian
    15 | D:1      | Noticed a dwarf
    17 | D:1      | Noticed a tengu
    17 | D:1      | Noticed an elf
    19 | D:1      | Noticed a merfolk
    21 | D:1      | Noticed an ogre
    21 | D:1      | Noticed an octopode
    24 | D:1      | Noticed a minotaur
    24 | D:1      | Noticed a naga
    26 | D:1      | Noticed a troll
    28 | D:1      | Noticed a halfling
    28 | D:1      | Noticed a felid
   441 | D:1      | Reached XP level 2. HP: 17/19 MP: 0/4
   488 | D:1      | Learned a level 2 spell: Shroud of Golubria
   646 | D:1      | Slain by a hobgoblin

Skill      XL: |  1 |
---------------+----+-----
Short Blades   | 3 |  3.4
Fighting       | |  1.7
Armour         | |  1.1
Dodging        | |  1.1
Spellcasting   | |  1.5
Charms         | |  3.2

Action                   || total
-------------------------++-------
Melee: Short sword       ||    26
 Cast: Infusion          ||     6
Armor: Leather armour    ||    10
Dodge: Dodged            ||    25
